 Dungeon Crawl Stone Soup version 0.30-a0-140-gd1020e658a (webtiles) character file.

Game seed: 13251213718907925178

126 Julmuri the Magician (level 5, 0/35 HPs)
             Began as a Djinni Fire Elementalist on Sept 24, 2022.
             Slain by an ogre
             ... wielding a +0 giant club
              (28 damage)
             ... on level 4 of the Dungeon.
             The game lasted 00:17:50 (4260 turns).

Julmuri the Magician (Djinni Fire Elementalist)     Turns: 4260, Time: 00:17:51

Health: 0/35       AC:  3    Str:  7    XL:     5   Next: 31%
Gold:   177        EV: 12    Int: 19    God:
                   SH:  0    Dex: 13

rFire   + + +      SeeInvis .    h - +3 hand axe
rCold   x . .      Faith    .    (no shield)
rNeg    . . .      Spirit   .    a - +0 robe
rPois   ∞          Reflect  .    (no helmet)
rElec   .          Harm     .    k - +0 cloak
rCorr   .          Rampage  .    (no gloves)
Will    .....                    (boots unavailable)
Stlth   ++........               (no amulet)
HPRegen 0.11/turn                c - ring of protection from fire
MPRegen 0.00/turn                (no ring)

@: flying
A: sickness immunity, fire resistance 2, cold vulnerability 1, float, innate
caster, HP casting, extra vitality 1
a: no special abilities


You were on level 4 of the Dungeon.
You visited 2 branches of the dungeon, and saw 5 of its levels.

You collected 177 gold pieces.

Inventory:

Hand Weapons
 h - a +3 hand axe (weapon)
 i - a +1 dagger of flaming
Armour
 a - a +0 robe (worn)
 k - a +0 cloak (worn)
Magical Staves
 q - a staff of air
Jewellery
 c - a ring of protection from fire (left hand)
Scrolls
 d - 2 scrolls of teleportation
 m - a scroll of acquirement
 n - a scroll of blinking {unknown}
 o - a scroll of magic mapping
 s - a scroll of enchant weapon {unknown}
 t - 2 scrolls of identify
Potions
 b - 4 potions of heal wounds {unknown}
 e - a potion of magic {unknown}
 f - 2 potions of invisibility {unknown}
 g - a potion of curing {unknown}
 j - 2 potions of haste {unknown}
 l - 2 potions of resistance {unknown}
 p - a potion of degeneration {unknown}
 r - 2 potions of flight {unknown}
 u - a potion of attraction {unknown}


   Skills:
 * Level 1.3 Axes
 + Level 2.7 Dodging
 + Level 1.8 Stealth
 + Level 3.7 Spellcasting


You couldn't memorise any spells.
You knew the following spells:

 Your Spells              Type           Power      Damage    Failure   Level
a - Foxfire               Conj/Fire      72%        2x1d7     3%          1
b - Scorch                Fire           36%        2d7       4%          2
c - Kindle Blastsparks    Fire/Tloc/Air  36%        2d13      9%          3
d - Inner Flame           Hex/Fire       18%        N/A       9%          3
e - Flame Wave            Conj/Fire      18%        2d7       30%         4
f - Necrotise             Necr           72%        1d7       3%          1
g - Passwall              Tmut/Erth      15%        N/A       4%          2
Your spell library was empty.

Dungeon Overview and Level Annotations

Branches:
Dungeon (4/15)             Temple (1/1) D:4

Altars:
Dithmenos
Elyvilon
Fedhas
Hepliaklqana
Makhleb
Nemelex Xobeh
Ru
Trog
Uskayaw
Wu Jian
Yredelemnul
Zin

Shops:
D:3 =


Innate Abilities, Weirdness & Mutations

You are immune to sickness and miasma.
You are immune to poison.
Your flesh is very heat resistant. (rF++)
You are vulnerable to cold. (rC-)
You float through the air rather than walking.
You learn spells naturally, not from books.
Your magical power is your life essence.
You have superior vitality. (+4 MHP)


Message History

There is a blossoming altar of Fedhas here.
Found a radiant altar of Vehumet and a hazy altar of Hepliaklqana.
Found a shimmering blue altar of Sif Muna and a burning altar of Makhleb.
There is a hazy altar of Hepliaklqana here.
Found an ornate altar of the Wu Jian Council and a shadowy altar of Dithmenos.
There is a burning altar of Makhleb here.
There is a shadowy altar of Dithmenos here.
There is a shimmering blue altar of Sif Muna here.
There is a shimmering blue altar of Sif Muna here.
There is a radiant altar of Vehumet here.
There is a staircase back to the Dungeon here.
You fly upwards.
Welcome back to the Dungeon!
There is a staircase to the Ecumenical Temple here.
Found a stone staircase leading down.
You now have 177 gold pieces (gained 5).
There is a stone staircase leading down here.
f - 2 bubbling clear potions (gained 1)
There is a stone staircase leading down here.
Found a stone staircase leading down.
There is a stone staircase leading down here.
Found a hide-covered altar of Uskayaw.
There is a hide-covered altar of Uskayaw here.
A hobgoblin comes into view.
Found 15 gold pieces.
The hobgoblin shouts!
Flames lash the hobgoblin.
The hobgoblin is severely wounded.
The hobgoblin's fire resistance burns away.
Flames lash the hobgoblin.
The hobgoblin is burned terribly!
You kill the hobgoblin!
You hear a shout!
An ogre comes into view. It is wielding a +0 giant club.
Flames lash the ogre.
The ogre is lightly wounded.
The ogre's fire resistance burns away.
The ogre barely misses you.
Flames lash the ogre.
The ogre is burned terribly!
The ogre is heavily wounded.
The ogre hits you with a +0 giant club!!
Ouch! That really hurt!
You die...

..###..# #....#
#.._.# #....#
####.#..#
#....#####
#.##.#...########
##.##.#.#...>.....
#@.##.....#######.
#O######.## #. ...
#.# #. ....# #.#
######. ......
#..........
#$......
...#######.
#....... #... ##
###...### ####


You could see an ogre (combustible).

Vanquished Creatures
  4 adders
  5 worms
  4 dart slugs
  An orc (D:3)
  2 ball pythons
  An endoplasm (D:1)
  A giant cockroach (D:2)
  7 goblins
  6 hobgoblins
  9 jackals
  8 bats
  6 frilled lizards
  5 kobolds
  9 rats
68 creatures vanquished.

Vanquished Creatures (others)
  53 foxfires
53 creatures vanquished.

Grand Total: 121 creatures vanquished

Notes
Turn   | Place    | Note
-------+----------+-------------------------------------------
     0 | D:1      | Julmuri the Djinni Fire Elementalist began the quest for
                  | the Orb.
     0 | D:1      | Julmuri set off with the following spells memorised:
                  | Foxfire, Scorch, Kindle Blastsparks, Inner Flame, Flame
                  | Wave.
     0 | D:1      | Reached XP level 1. HP: 15/15 MP: 0/0
   173 | D:1      | Reached XP level 2. HP: 16/21 MP: 0/0
  1062 | D:1      | Found a faded altar of an unknown god.
  1227 | D:2      | Reached skill level 3 in Spellcasting
  1259 | D:2      | Reached XP level 3. HP: 19/25 MP: 0/0
  1259 | D:2      | Learned a level 1 spell: Necrotise
  1800 | D:2      | Reached XP level 4. HP: 29/31 MP: 0/0
  2494 | D:2      | Reached skill level 1 in Axes
  2898 | D:3      | Found a white marble altar of Elyvilon.
  2997 | D:3      | Found a sacrificial altar of Ru.
  3035 | D:3      | Reached XP level 5. HP: 28/35 MP: 0/0
  3035 | D:3      | Learned a level 2 spell: Passwall
  3838 | D:3      | Found Plog's Jewellery Emporium.
  3849 | D:3      | Identified a scroll of acquirement
  4090 | D:4      | Found a staircase to the Ecumenical Temple.
  4101 | Temple   | Entered the Ecumenical Temple
  4246 | D:4      | Found a hide-covered altar of Uskayaw.
  4257 | D:4      | Noticed an ogre
  4260 | D:4      | Slain by an ogre

Illustrated notes

Levels and vault maps discovered:
D:1:      dpeg_arrival_subterranean_lakeside_camping, layout_basic,
          dreamdust_ecumenical_altar_angels_and_demons
D:2:      layout_rooms
D:3:      layout_loops_ring, mainiacjoe_overflow_small_starburst,
          mainiacjoe_overflow_cross_hatched, serial_shops,
          nicolae_shop_advertising_works [nicolae_subvault_shop_adworks],
          kennysheep_cluttered_room, grunt_ministairs_14
D:4:      layout_loops_ring, mainiacjoe_overflow_alcove_1,
          minmay_temple_entry_slanted, uniq_ijyb
Temple:   chequers_temple_sunken

Skill      XL: |  1  2  3  4 |
---------------+-------------+-----
Spellcasting   | 3 |  3.7
Axes           | 1 |  1.3
Dodging        | |  2.7
Stealth        | |  1.8

Action                   |  1- 3 |  4- 6 || total
-------------------------+-------+-------++-------
Melee: Hand axe          |     1 |     5 ||     6
 Cast: Foxfire           |    48 |       ||    48
       Scorch            |     6 |    60 ||    66
  Use: Scroll            |       |     5 ||     5
Armor: Robe              |     4 |     6 ||    10
Dodge: Dodged            |    11 |    19 ||    30

Table legend: (Time is in decaauts)
 A = Elapsed time spent in this place.
 B = Non-inter-level travel time spent in this place.
 C = Inter-level travel time spent in this place.
 D = Time resting spent in this place.
 E = Time spent auto-exploring this place.
 F = Levels seen in this place.
 G = Mean time per level.
                   A        B        C        D        E       F      G
               +--------+--------+--------+--------+--------+-----+--------+
         Total |   4260 |   4205 |     55 |    691 |   2540 |   5 |  852.0 |
       Dungeon |   4198 |   4143 |     55 |    691 |   2540 |   4 | 1049.5 |
        Temple |     61 |     61 |      0 |      0 |      0 |   1 |   61.0 |
               +--------+--------+--------+--------+--------+-----+--------+

Top non-repeatable levels by time:
     D:1: 1479 daAuts
     D:3: 1236 daAuts
     D:2: 1169 daAuts
     D:4: 314 daAuts
  Temple: 61 daAuts
